 Dungeon Crawl Stone Soup version 0.29.0-13-gc9e81de378 (webtiles) character file.

Game seed: 14853172674255148290

14344 night the Grappler (level 11, 0/94 HPs)
             Began as a Troll Fighter on Sept 7, 2022.
             Was a Believer of Nemelex Xobeh.
             Slain by a seven-headed hydra (5 damage)
             ... on level 1 of the Lair of Beasts.
             The game lasted 00:21:08 (8333 turns).

night the Grappler (Troll Fighter)                  Turns: 8333, Time: 00:21:09

Health: 0/94       AC: 11    Str: 38    XL:     11   Next: 87%
Magic:  13/13      EV: 12    Int:  4    God:    Nemelex Xobeh [**....]
Gold:   1660       SH: 22    Dex: 17    Spells: 10/10 levels left

rFire   . . .      SeeInvis .   y - +1 demon whip (venom)
rCold   . . .      Faith    .   X - +0 tower shield of the Monkey {rPois Dex+4}
rNeg    . . .      Spirit   .   R - +3 acid dragon scales
rPois   +          Reflect  +   i - +0 hat {Stlth+}
rElec   .          Harm     .   (no cloak)
rCorr   +          Rampage  .   (gloves unavailable)
Will    .....                   (boots unavailable)
Stlth   +.........              v - amulet of reflection
HPRegen 1.05/turn               z - ring "Ziugralat" {rPois EV+4 Str+8 Dex+4 Stlth-}
MPRegen 0.13/turn               D - +4 ring of slaying

@: studying Short Blades
A: large, unfitting armour, claws 3, regeneration 1, shaggy fur 1, tough skin 1
a: Renounce Religion, Draw Escape, Draw Destruction, Draw Summoning


You were on level 1 of the Lair of Beasts.
You worshipped Nemelex Xobeh.
Nemelex Xobeh was pleased with you.
You visited 3 branches of the dungeon, and saw 11 of its levels.
You also visited: Ossuary.

You collected 1660 gold pieces.

Inventory:

Hand Weapons
 s - a +0 giant club
 y - a +1 demon whip of venom (weapon)
Missiles
 a - 2 boomerangs
 b - 6 atropa-tipped darts
 d - 119 stones (quivered)
 l - 11 curare-tipped darts
 t - 2 throwing nets
 S - 8 poisoned darts
 T - 4 javelins
Armour
 i - a +0 hat of stealth (worn)
 p - a +2 robe of fire resistance
 R - +3 acid dragon scales (worn)
 X - the +0 tower shield of the Monkey (worn) {rPois Dex+4}
   (You found it on level 8 of the Dungeon)

   Dex:       It affects your dexterity (+4).
   rPois:     It protects you from poison.
Jewellery
 f - a ring of see invisible
 h - a +6 ring of strength
 m - a ring of positive energy
 v - an amulet of reflection (around neck)
 z - the ring "Ziugralat" (left claw) {rPois EV+4 Str+8 Dex+4 Stlth-}
   (You found it in an ossuary)

   [ring of evasion]

   EV:        It affects your evasion (+4).
   Str:       It affects your strength (+8).
   Dex:       It affects your dexterity (+4).
   rPois:     It protects you from poison.
   Stlth:     It makes you less stealthy.
 D - a +4 ring of slaying (right claw)
 H - a ring of protection from fire
 L - a ring of flight
 P - a ring of protection from cold
 Q - the ring "Dach" {Fly rN+ Will+ Int+6}
   (You took it off a centaur on level 7 of the Dungeon)

   [ring of intelligence]

   Int:       It affects your intelligence (+6).
   rN:        It protects you from negative energy.
   Fly:       It grants you flight.
   Will:      It increases your willpower.
 U - a ring of positive energy
Scrolls
 e - 3 scrolls of amnesia
 o - a scroll of poison
 w - 7 scrolls of enchant weapon
 C - 2 scrolls of magic mapping
 G - 2 scrolls of torment
 I - a scroll of blinking
 J - a scroll of fear
 W - a scroll of butterflies
 Y - 3 scrolls of teleportation
Potions
 c - 5 potions of might
 g - 2 potions of heal wounds
 j - 6 potions of curing
 k - 2 potions of resistance {unknown}
 n - 4 potions of brilliance {unknown}
 q - a potion of invisibility {unknown}
 u - 4 potions of haste {unknown}
 x - 2 potions of mutation {unknown}
 A - 3 potions of attraction {unknown}
 F - a potion of lignification {unknown}
 N - a potion of cancellation {unknown}
 V - a potion of ambrosia {unknown}


   Skills:
 - Level 2.4 Fighting
 - Level 2.4 Dodging
 + Level 10.7 Shields
 + Level 14.8 Unarmed Combat
 + Level 4.9 Invocations


You had 10 spell levels left.
You didn't know any spells.
Your spell library contained the following spells:

 Spells                   Type           Power      Damage    Failure   Level
 Magic Dart               Conj           0%         1d3       95%         1
 Necrotise                Necr           0%         1d4       95%         1
 Slow                     Hex            0%         N/A       95%         1
 Call Imp                 Summ           0%         N/A       98%         2
 Call Canine Familiar     Summ           0%         N/A       100%        3
 Confusing Touch          Hex            0%         N/A       100%        3
 Frozen Ramparts          Ice            0%         1d1       100%        3
 Mephitic Cloud           Conj/Pois/Air  0%         N/A       100%        3
 Portal Projectile        Hex/Tloc       0%         N/A       100%        3
 Vampiric Draining        Necr           0%         2d6       100%        3
 Corpse Rot               Necr/Pois/Air  0%         N/A       100%        4
 Dispel Undead            Necr           0%         3d6       100%        4
 Ice Form                 Ice/Tmut       0%         N/A       100%        4
 Leda's Liquefaction      Hex/Erth       0%         N/A       100%        4
 Petrify                  Tmut/Erth      0%         N/A       100%        4
 Summon Ice Beast         Ice/Summ       0%         N/A       100%        4
 Agony                    Necr           0%         N/A       100%        5
 Fireball                 Conj/Fire      0%         3d3       100%        5
 Iskenderun's Battlesphe  Conj           0%         2d6       100%        5
 Metabolic Englaciation   Hex/Ice        0%         N/A       100%        5
 Conjure Ball Lightning   Conj/Air       0%         3x3d6     100%        6
 Death Channel            Necr           0%         N/A       100%        6
 Statue Form              Tmut/Erth      0%         N/A       100%        6
 Orb of Destruction       Conj           0%         9d5       100%        7


Dungeon Overview and Level Annotations

Branches:
Dungeon (9/15)             Temple (1/1) D:7            Lair (1/5) D:9
Ossuary (visited)
    Orc: D:9-12

Altars:
Ashenzari
Cheibriados
Elyvilon
Fedhas
Gozag
Hepliaklqana
Kikubaaqudgha
Makhleb
Nemelex Xobeh
Qazlal
Ru
Sif Muna
Trog
Uskayaw
Vehumet
Xom
Yredelemnul
Zin

Shops:
D:6 =   D:9 (


Innate Abilities, Weirdness & Mutations

You are too large for most types of armour.
You have claws for hands.
Your natural rate of healing is unusually fast.
You are covered in fur. (AC +1)
You have tough skin. (AC +1)


Message History

The seven-headed hydra closely misses you.
The seven-headed hydra misses you.
You block the seven-headed hydra's attack.
You barely miss the seven-headed hydra.
The seven-headed hydra is heavily wounded.
You block the seven-headed hydra's attack. x4
The seven-headed hydra bites you. The seven-headed hydra bites you!
The seven-headed hydra misses you.
The seven-headed hydra bites you but does no damage.
The seven-headed hydra bites you!
You block the seven-headed hydra's attack.
The seven-headed hydra bites you but does no damage. x2
The seven-headed hydra bites you! The seven-headed hydra misses you.
You thrash the seven-headed hydra!!
The seven-headed hydra is almost dead.
The seven-headed hydra completely misses you.
The seven-headed hydra bites you.
You block the seven-headed hydra's attack. x3
The seven-headed hydra bites you but does no damage.
The seven-headed hydra barely misses you.
You barely miss the seven-headed hydra.
The seven-headed hydra is almost dead.
You block the seven-headed hydra's attack. x2
The seven-headed hydra barely misses you.
The seven-headed hydra bites you!
* * * LOW HITPOINT WARNING * * *
You block the seven-headed hydra's attack. x2
The seven-headed hydra closely misses you.
You barely miss the seven-headed hydra.
The seven-headed hydra is almost dead.
You block the seven-headed hydra's attack.
The seven-headed hydra bites you!
* * * LOW HITPOINT WARNING * * *
The seven-headed hydra barely misses you.
The seven-headed hydra bites you.
* * * LOW HITPOINT WARNING * * *
You block the seven-headed hydra's attack.
The seven-headed hydra bites you.
You die...
Your body glows slightly and disappears.

......##.#
.......
...#...#.#
.......
#.........
.......
#........#
.......
...8.....
..$....
.......# ##
##.......
....#### ..#
#.#
..?######.#
#D#
..........#
#@##
........+.#
#..#
.8..8...#.#
#.##
..........#
#.##
........###
#..#
..###.#.#.#
##.## ###
.....#†#.##
#..P###.###
.........#
##........#
...8.....####
##........#


You could see a seven-headed hydra (poisoned).

Vanquished Creatures
  Gastronok (Lair:1)
  2 boulder beetles
  A two-headed ogre (D:7)
  Amaemon (D:9)
  A black mamba (Lair:1)
  3 cane toads (Lair:1)
  An orange demon (D:9)
  An unseen horror (D:9)
  A gargoyle (D:7)
  2 hornets
  3 trolls
  2 polar bears (Lair:1)
  A slime creature (D:7)
  4 blink frogs (Lair:1)
  A shadow (D:9)
  A wraith (D:7)
  2 yaks (D:7)
  4 steam dragons
  2 water moccasins (Lair:1)
  An ogre (D:5)
  3 orc warriors
  A black bear (D:7)
  6 sky beasts
  An ice beast (D:7)
  4 wolves (Lair:1)
  6 centaurs
  5 phantoms
  2 kobold brigands
  A necrophage (D:7)
  9 bullfrogs
  2 gnoll sergeants
  4 scorpions
  4 wights
  11 howler monkeys
  4 centaur zombies (Ossuary)
  2 hounds (D:6)
  5 jellies
  3 orc priests
  A gnoll bouda (D:4)
  Jessica (D:3)
  4 iguanas
  7 orc wizards
  An ogre zombie (Ossuary)
  7 mummies (Ossuary)
  11 gnolls
  10 adders
  2 white imps
  2 adder zombies (Ossuary)
  4 worms
  2 dart slugs (D:1)
  30 orcs
  3 bats
  11 endoplasms
  6 giant cockroaches
  7 goblins
  12 hobgoblins
  6 quokkas
  4 ball pythons
  3 frilled lizards
  A gnoll zombie (Ossuary)
  3 goblin zombies (Ossuary)
  6 hobgoblin zombies (Ossuary)
  14 kobolds
  5 quokka zombies (Ossuary)
  6 rats
  8 rat zombies (Ossuary)
285 creatures vanquished.

Vanquished Creatures (others)
  An orc wizard (D:5)
  An orc (D:5)
  A fungus (Lair:1)
3 creatures vanquished.

Grand Total: 288 creatures vanquished

Notes
Turn   | Place    | Note
-------+----------+-------------------------------------------
     0 | D:1      | night the Troll Fighter began the quest for the Orb.
     0 | D:1      | Reached XP level 1. HP: 22/22 MP: 0/0
   141 | D:1      | Reached XP level 2. HP: 28/29 MP: 1/1
   333 | D:1      | Reached skill level 3 in Unarmed Combat
   465 | D:1      | Reached XP level 3. HP: 36/36 MP: 2/2
   887 | D:2      | HP: 3/36 [gnoll/+0 halberd (10)]
   933 | D:1      | Reached XP level 4. HP: 43/44 MP: 3/3
   979 | D:2      | Found an ancient bone altar of Kikubaaqudgha.
   986 | D:2      | Reached skill level 4 in Unarmed Combat
  1188 | D:2      | Identified a scroll of acquirement
  1188 | D:2      | Acquired 1034 gold pieces
  1434 | D:2      | Reached XP level 5. HP: 50/50 MP: 4/4
  1860 | D:3      | Found a faded altar of an unknown god.
  2143 | D:3      | Reached skill level 5 in Unarmed Combat
  2381 | D:3      | Noticed Jessica
  2384 | D:3      | Killed Jessica
  2478 | D:4      | Noticed a phantom
  2482 | D:4      | Killed a phantom
  2483 | D:4      | Reached XP level 6. HP: 56/59 MP: 5/5
  2604 | D:4      | Noticed a hornet
  2619 | D:4      | Killed a hornet
  2620 | D:4      | Reached skill level 6 in Unarmed Combat
  2620 | D:4      | Reached XP level 7. HP: 16/66 MP: 6/6
  2714 | D:4      | Reached skill level 5 in Shields
  2753 | D:4      | Reached skill level 7 in Unarmed Combat
  3145 | D:5      | Entered Level 5 of the Dungeon
  3179 | D:5      | Identified the +6 ring mail of Uskayaw's Regard {Stlth+}
  3184 | D:5      | Found a sand-covered staircase.
  3202 | D:5      | Noticed a steam dragon
  3215 | Ossuary  | Entered an ossuary
  3418 | Ossuary  | Reached XP level 8. HP: 71/74 MP: 7/7
  3449 | Ossuary  | Reached skill level 8 in Unarmed Combat
  3456 | Ossuary  | Identified the ring "Ziugralat" {rPois EV+4 Str+8 Dex+4
                  | Stlth-}
  3664 | D:5      | Reached skill level 9 in Unarmed Combat
  4304 | D:6      | Found an ancient bone altar of Kikubaaqudgha.
  4309 | D:6      | Found a hazy altar of Hepliaklqana.
  4357 | D:6      | Reached XP level 9. HP: 80/80 MP: 8/8
  4379 | D:6      | Found Seshil's Jewellery Boutique.
  4424 | D:6      | Reached skill level 10 in Unarmed Combat
  4575 | D:6      | Found a shimmering altar of Xom.
  4579 | D:6      | Found a shimmering altar of Xom.
  4579 | D:6      | Found a shimmering altar of Xom.
  4579 | D:6      | Found a shimmering altar of Xom.
  4580 | D:6      | Found a shimmering altar of Xom.
  4581 | D:6      | Found a shimmering altar of Xom.
  4581 | D:6      | Found a shimmering altar of Xom.
  4828 | D:6      | Found a shimmering blue altar of Sif Muna.
  4831 | D:6      | Found a stormy altar of Qazlal.
  4835 | D:6      | Found a radiant altar of Vehumet.
  4844 | D:6      | Found a snail-covered altar of Cheibriados.
  5017 | D:7      | Reached skill level 11 in Unarmed Combat
  5035 | D:7      | Found a staircase to the Ecumenical Temple.
  5102 | Temple   | Entered the Ecumenical Temple
  5172 | Temple   | Became a worshipper of Nemelex Xobeh the Trickster
  5451 | D:7      | Found a shimmering altar of Xom.
  5452 | D:7      | Found a stormy altar of Qazlal.
  5453 | D:7      | Found a sacrificial altar of Ru.
  5453 | D:7      | Found a sparkling altar of Nemelex Xobeh.
  5486 | D:7      | Noticed a troll
  5498 | D:7      | Killed a troll
  5499 | D:7      | Reached XP level 10. HP: 88/88 MP: 9/9
  5500 | D:7      | Reached skill level 12 in Unarmed Combat
  5502 | D:7      | Identified the +10 quarterstaff "Acruh" {vorpal, *Corrode
                  | rPois Dex+5}
  5502 | D:7      | Identified the ring "Dach" {Fly rN+ Will+ Int+6}
  5552 | D:7      | Noticed a boulder beetle
  5596 | D:7      | Noticed a two-headed ogre
  5596 | D:7      | Noticed a gargoyle
  5602 | D:7      | Killed a gargoyle
  5622 | D:7      | Killed a two-headed ogre
  5623 | D:7      | Reached skill level 13 in Unarmed Combat
  5720 | D:7      | Killed a boulder beetle
  6236 | D:8      | Reached * piety under Nemelex Xobeh
  6306 | D:8      | Received a gift from Nemelex Xobeh
  6434 | D:8      | Identified the +0 tower shield of the Monkey {rPois Dex+4}
  6742 | D:9      | Found Pipp's Weapon Emporium.
  6794 | D:9      | Found a staircase to the Lair.
  6814 | D:9      | Reached XP level 11. HP: 94/94 MP: 10/10
  6876 | D:9      | Reached skill level 1 in Invocations
  7078 | D:9      | Reached skill level 14 in Unarmed Combat
  7144 | D:9      | Reached ** piety under Nemelex Xobeh
  7188 | D:9      | Reached skill level 2 in Invocations
  7350 | D:9      | Noticed Amaemon
  7358 | D:9      | Killed Amaemon
  7679 | Lair:1   | Entered Level 1 of the Lair of Beasts
  7720 | Lair:1   | Reached skill level 10 in Shields
  7971 | Lair:1   | Noticed Gastronok
  8029 | Lair:1   | Killed Gastronok
  8030 | Lair:1   | HP: 8/94 [cane toad (13)]
  8158 | Lair:1   | Found a sacrificial altar of Ru.
  8207 | Lair:1   | Noticed a boulder beetle
  8215 | Lair:1   | Killed a boulder beetle
  8322 | Lair:1   | Noticed a seven-headed hydra
  8333 | Lair:1   | HP: 9/94 [seven-headed hydra (11)]
  8333 | Lair:1   | Slain by a seven-headed hydra

Illustrated notes

Levels and vault maps discovered:
D:1:      tarquinn_simple_flora_water_f, layout_loops_corners
D:2:      layout_loops_ring, basic_altar, minmay_pentomino_v4
D:3:      layout_basic, serial_corexii_hall, corexii_hall_statues_l,
          chequers_hall_statues_wall_a, ebering_ecumenical_altar_abandoned,
          hex_large, grunt_ministairs_6, kennysheep_jessica_study
D:4:      layout_cave_pools, minmay_manual_monolith
D:5:      layout_cave_pools, nicolae_ossuary_entry_false_entrances
D:6:      layout_basic, xom_redecorated, nicolae_overflow_hallway_of_the_gods,
          serial_shops, shop_fountains
D:7:      minmay_the_grid_octo_tiled_squarecenter [minmay_the_grid_octo_shrine,
          minmay_the_grid_octo_fat_diamond, minmay_the_grid_octo_odd_swirl,
          minmay_the_grid_octo_toaster,
          minmay_the_grid_square_5x5_megaprize_open,
          minmay_the_grid_square_5x5_half_checkered,
          minmay_the_grid_square_5x5_pentomino_r,
          minmay_the_grid_square_5x5_almost_minimal,
          minmay_the_grid_square_5x5_shrine1], layout_loops_ring,
          minmay_temple_entry_glass, hangedman_misty_isle
D:8:      layout_cave_pools
D:9:      layout_loops_corners, lair_entry_dummy, serial_shops,
          nicolae_shop_bloodbath_and_beyond, serial_park_tiny_2, uniq_amaemon
Temple:   hellmonk_temple_of_storms
Lair:1:   layout_small_grid, basic_altar, amcnicky_mini_pool_medium,
          lemuel_fruit_tree, grunt_megastairs_3, uniq_gastronok

Skill      XL: |  1  2  3  4  5  6  7  8  9 10 11 |
---------------+----------------------------------+-----
Shields        | 3 4 5 6 8 9 10 | 10.7
Unarmed Combat | 3 4 5 6 7 9 11 13 14 | 14.8
Invocations    | 4 |  4.9
Fighting       | |  2.4
Dodging        | |  2.4

Action                   |  1- 3 |  4- 6 |  7- 9 | 10-12 || total
-------------------------+-------+-------+-------+-------++-------
Melee: Unarmed           |    82 |   147 |   283 |   242 ||   754
       Demon whip        |       |       |       |     7 ||     7
Throw: Stone             |       |     1 |       |       ||     1
Evoke: Wand              |       |       |       |     1 ||     1
  Use: Scroll            |       |     6 |     6 |     7 ||    19
 Stab: Sleeping          |     2 |     1 |       |       ||     3
Armor: Robe              |    13 |    37 |    41 |       ||    91
       Steam dragon scal |       |       |    16 |     7 ||    23
       Acid dragon scale |       |       |       |    50 ||    50
Dodge: Dodged            |    17 |    54 |    82 |    83 ||   236
Block: Kite shield       |    31 |    53 |   165 |    74 ||   323
       Reflection        |       |       |     3 |    10 ||    13
       Tower shield      |       |       |       |   208 ||   208
